 Dungeon Crawl Stone Soup version 0.28.0-53-g5a82cb258f (webtiles) character file.

Game seed: 3964214268763051607

1359 Descartes the Magician (level 8, -2/41 HPs)
             Began as a Deep Elf Wanderer on July 31, 2022.
             Was an Initiate of Gozag.
             Slain by a killer bee (6 damage)
             ... on level 5 of the Dungeon.
             The game lasted 00:11:58 (7121 turns).

Descartes the Magician (Deep Elf Wanderer)          Turns: 7121, Time: 00:12:00

Health: -2/41      AC:  5    Str:  7    XL:     8   Next: 37%
Magic:  18/19      EV: 14    Int: 22    God:    Gozag
Gold:   135        SH:  0    Dex: 14    Spells: 13/20 levels left

rFire   . . .      SeeInvis +   H - +3 quarterstaff (chaos)
rCold   . . .      Faith    .   (shield currently unavailable)
rNeg    + . .      Spirit   .   J - +1 robe {rN+}
rPois   .          Reflect  .   (no helmet)
rElec   .          Harm     .   I - +0 cloak
rCorr   .          Rampage  .   (no gloves)
Will    +....                   d - +0 pair of boots
Stlth   +++.......              l - amulet of regeneration
HPRegen 0.93/turn               E - ring of see invisible
MPRegen 0.16/turn               F - ring of willpower

@: lethally poisoned (-2 -> -15), hasted, very quick
A: no striking features
a: Renounce Religion, Potion Petition, Call Merchant, Bribe Branch


You were on level 5 of the Dungeon.
You worshipped Gozag.
Gozag was aware of your devotion.
You visited 2 branches of the dungeon, and saw 7 of its levels.

You collected 209 gold pieces.
You paid 74 gold pieces to Gozag.

Inventory:

Hand Weapons
 m - a +1 dagger of venom
 s - a +0 hunting sling
 H - a +3 quarterstaff of chaos (weapon)
Missiles
 b - 98 stones (quivered)
 h - 80 bolts
 i - 65 sling bullets
 o - 60 arrows
 v - a boomerang
 w - 9 poisoned darts
Armour
 d - a +0 pair of boots (worn)
 I - a +0 cloak (worn)
 J - a +1 robe of positive energy (worn)
Jewellery
 l - an amulet of regeneration (around neck)
 E - a ring of see invisible (left hand)
 F - a ring of willpower (right hand)
Wands
 x - a wand of iceblast (11)
Scrolls
 c - a scroll of immolation {unknown}
 e - 2 scrolls of enchant armour {unknown}
 g - 3 scrolls of fog {unknown}
 j - a scroll of vulnerability {unknown}
 k - a scroll of silence {unknown}
 p - 2 scrolls of identify {unknown}
 y - a scroll of summoning {unknown}
 B - 2 scrolls of teleportation {unknown}
 D - 2 scrolls of amnesia {unknown}
Potions
 a - a potion of might {unknown}
 f - a potion of haste
 q - 2 potions of ambrosia {unknown}
 r - 2 potions of degeneration {unknown}
 t - 2 potions of heal wounds {unknown}
 u - a potion of magic {unknown}
 z - a potion of mutation {unknown}
 A - a potion of attraction {unknown}
 C - a potion of cancellation {unknown}
 G - a potion of curing {unknown}


   Skills:
 + Level 5.7 Dodging
 + Level 4.3 Stealth
 + Level 6.6 Spellcasting
 + Level 3.7 Conjurations
 + Level 2.8 Hexes
 + Level 3.6 Fire Magic
 + Level 2.1 Ice Magic
 + Level 6.0 Earth Magic
 + Level 3.7 Evocations


You had 13 spell levels left.
You knew the following spells:

 Your Spells              Type           Power      Damage    Failure   Level
a - Foxfire               Conj/Fire      92%        2x1d8     1%          1
b - Sandblast             Erth           66%        2d15      1%          1
c - Leda's Liquefaction   Hex/Erth       13%        N/A       14%         4
d - Freeze                Ice            64%        1d8       3%          1

Your spell library contained the following spells:

 Spells                   Type           Power      Damage    Failure   Level
 Inner Flame              Hex/Fire       21%        N/A       7%          3
 Frozen Ramparts          Ice            32%        1d5       11%         3
 Hailstorm                Conj/Ice       20%        3d6       26%         4
 Petrify                  Tmut/Erth      20%        N/A       26%         4


Dungeon Overview and Level Annotations

Branches:
Dungeon (6/15)             Temple (1/1) D:5

Altars:
Ashenzari
Dithmenos
Elyvilon
Fedhas
Gozag
Hepliaklqana
Okawaru
Qazlal
Ru
Sif Muna
Trog
Wu Jian
Xom
Yredelemnul
The Shining One

Annotations:
D:6 Pikel


Message History

The killer bee poisons you! The killer bee closely misses you.
The killer bee misses you. x3
You climb upwards.
You feel very sick.
There is a stone staircase leading down here.
Casting: Foxfire (safe; 1% risk of failure)
Confirm with . or Enter, or press ? or * to list all spells.
You conjure some foxfire!
You feel sick. The killer bee barely misses you. The killer bee stings you!
The killer bee closely misses you. The killer bee stings you. x2
* * * LOW HITPOINT WARNING * * *
The killer bee stings you.
* * * LOW HITPOINT WARNING * * *
You are lethally poisoned!
The killer bee poisons you! The killer bee barely misses you. x2
Casting: Foxfire (safe; 1% risk of failure)
Confirm with . or Enter, or press ? or * to list all spells.
There is not enough space to conjure foxfire!
Casting: Foxfire (safe; 1% risk of failure)
Confirm with . or Enter, or press ? or * to list all spells.
There is not enough space to conjure foxfire!
Unknown command.
Unknown command.
Okay, then.
Okay, then.
It was a potion of haste.
You feel yourself speed up.
* * * LOW HITPOINT WARNING * * *
You feel very sick.
The foxfire hits the killer bee.
The killer bee is lightly wounded.
The foxfire hits the killer bee!
The killer bee is severely wounded.
The killer bee barely misses you. The killer bee stings you.
* * * LOW HITPOINT WARNING * * *
You are more poisoned.
The killer bee poisons you! The killer bee misses you.
The killer bee barely misses you. The killer bee misses you.
The killer bee stings you.
You die...
Your body crumbles into a pile of gold.

...........#
..#.#.######
###.#.....# #
#.#####.# # #.# #.#
# #.# #.# ###.# #.#
##### .##.#
#.#######y..###
....#
#......y@y....#
.####
#.......y.....# .#
#.######......# ##
#.# ###...#.# #.#
#....##.# #.#
#.#####.# #.# #.#
#.# #.# #.# #.#
#.#####.#####.#####


You could see 4 killer bees.

Vanquished Creatures
  A troll (D:5)
  Grinder (D:3)
  A water moccasin (D:5)
  A sky beast (D:5)
  2 necrophages
  A scorpion (D:4)
  A howler monkey (D:5)
  A centaur zombie (D:5)
  A hound (D:5)
  A bullfrog skeleton (D:5)
  2 orc priests
  Crazy Yiuf (D:5)
  A centaur skeleton (D:3)
  3 orc wizards
  A killer bee zombie (D:5)
  A hound zombie (D:5)
  6 adders
  4 gnolls
  An ufetubus (D:5)
  2 worms (D:4)
  2 dart slugs
  9 orcs
  4 ball pythons
  6 endoplasms
  3 giant cockroaches
  5 goblins
  8 hobgoblins
  6 jackals
  3 kobolds
  A quokka (D:4)
  6 bats
  6 frilled lizards
  2 rats
94 creatures vanquished.

Vanquished Creatures (collateral kills)
  2 foxfires (D:1)
2 creatures vanquished.

Vanquished Creatures (others)
  A wizard (D:3)
  547 foxfires
  A plant (D:1)
549 creatures vanquished.

Grand Total: 645 creatures vanquished

Notes
Turn   | Place    | Note
-------+----------+-------------------------------------------
     0 | D:1      | Descartes the Deep Elf Wanderer began the quest for the
                  | Orb.
     0 | D:1      | Descartes set off with the following items: a +0 dagger, 25
                  | stones, a +0 robe, a +0 pair of boots; and the following
                  | spells available to memorise: Sandblast, Foxfire, Inner
                  | Flame, Leda's Liquefaction, Petrify
     0 | D:1      | Reached XP level 1. HP: 10/10 MP: 7/7
   949 | D:1      | Reached XP level 2. HP: 2/15 MP: 9/9
   951 | D:1      | Learned a level 1 spell: Sandblast
   953 | D:1      | Learned a level 1 spell: Foxfire
  1457 | D:1      | Reached skill level 1 in Stealth
  2000 | D:2      | Reached skill level 1 in Conjurations
  2015 | D:2      | Reached XP level 3. HP: 19/19 MP: 2/11
  2548 | D:2      | Reached skill level 1 in Evocations
  3029 | D:2      | Reached skill level 1 in Fire Magic
  3029 | D:2      | Reached XP level 4. HP: 24/24 MP: 5/12
  3287 | D:3      | Reached skill level 5 in Spellcasting
  3395 | D:3      | Found a bloodstained altar of Trog.
  3404 | D:3      | Noticed a necrophage
  3410 | D:3      | Killed a necrophage
  3411 | D:3      | Reached skill level 5 in Earth Magic
  3411 | D:3      | Reached XP level 5. HP: 28/28 MP: 4/14
  3558 | D:3      | Noticed Grinder
  3571 | D:3      | Killed Grinder
  3572 | D:3      | Reached XP level 6. HP: 32/32 MP: 8/16
  3825 | D:3      | Found a stormy altar of Qazlal.
  3884 | D:3      | Learned a level 4 spell: Leda's Liquefaction
  4081 | D:3      | Found a faded altar of an unknown god.
  4124 | D:3      | Noticed a wizard
  4126 | D:3      | Killed a wizard
  4197 | D:3      | You fall into a shaft and drop 3 floors!
  4215 | D:5      | Entered Level 5 of the Dungeon
  4507 | D:4      | Reached skill level 5 in Dodging
  4507 | D:4      | Reached XP level 7. HP: 35/36 MP: 4/17
  5042 | D:4      | Reached skill level 1 in Hexes
  5044 | D:4      | Learned a level 1 spell: Freeze
  5564 | D:5      | Noticed a troll
  5618 | D:5      | Killed a troll
  5619 | D:5      | Reached skill level 1 in Ice Magic
  5622 | D:5      | Reached XP level 8. HP: 30/41 MP: 8/19
  6245 | D:5      | Found a runed translucent door.
  6246 | D:5      | Noticed Crazy Yiuf
  6265 | D:5      | Killed Crazy Yiuf
  6508 | D:5      | Found a staircase to the Ecumenical Temple.
  6514 | Temple   | Entered the Ecumenical Temple
  6543 | Temple   | Became a worshipper of Gozag Ym Sagoz the Greedy
  6814 | D:5      | Found a sacrificial altar of Ru.
  7118 | D:6      | Noticed Pikel
  7121 | D:5      | Slain by a killer bee

Illustrated notes

Levels and vault maps discovered:
D:1:      psy_arrival_statuary, layout_loops_cross, nicolae_grassy_gnolls
D:2:      kennysheep_six_static_rooms, layout_basic, kennysheep_generic_room_8
D:3:      layout_basic, trog_wizard, nicolae_qazlal_general_emergency,
          shapermc_ecumenical_altar_venn, uniq_grinder
D:4:      layout_basic
D:5:      layout_loops_ring, lemuel_doored_altar,
          minmay_temple_entry_enclosed_plants, minmay_misc_feat_iff,
          minmay_puff, uniq_crazy_yiuf_cottage
D:6:      layout_loops_ring, st_stairs_9, uniq_eustachio, uniq_pikel
Temple:   minmay_temple_bridge_abc

Skill      XL: |  1  2  3  4  5  6  7  8 |
---------------+-------------------------+-----
Stealth        | 1 2 3 4 |  4.3
Conjurations   | 1 2 3 |  3.7
Evocations     | 1 2 3 |  3.7
Dodging        | 4 5 |  5.7
Fire Magic     | 1 2 3 |  3.6
Spellcasting   | 5 6 |  6.6
Earth Magic    | 5 6 |  6.0
Hexes          | 2 |  2.8
Ice Magic      | 1 2 |  2.1

Action                   |  1- 3 |  4- 6 |  7- 9 || total
-------------------------+-------+-------+-------++-------
Melee: Dagger            |    65 |       |    10 ||    75
 Cast: Foxfire           |    80 |   114 |   134 ||   328
       Sandblast         |     1 |       |     4 ||     5
  Use: Potion            |       |       |     1 ||     1
Armor: Robe              |    28 |       |     4 ||    32
       Leather armour    |     3 |     3 |    16 ||    22
Dodge: Dodged            |    53 |     8 |    71 ||   132
